 Dungeon Crawl Stone Soup version 0.31.0-11-ge490571c62 (webtiles) character file.

Game seed: 5438611085669967589

41260 sanka the Grappler (level 13, -2/146 HPs)
             Began as a Troll Monk on Jan 27, 2024.
             Was the Champion of the Shining One.
             Slain by a yaktaur captain
             ... wielding a +3 lajatang of electrocution
              (23 damage)
             ... on level 14 of the Dungeon.
             The game lasted 00:48:02 (13448 turns).

sanka the Grappler (Troll Monk)                    Turns: 13448, Time: 00:48:03

Health: -2/146     AC: 12    Str: 30    XL:     13   Next: 79%
Magic:  18/18      EV: 10    Int:  6    God:    the Shining One [******]
Gold:   381        SH:  0    Dex: 14    Spells: 12/12 levels left

rFire   . .          .
                       - Unarmed
rCold   . . .        (no shield)
rNeg    + + +        a - +0 robe
rPois   .            (helmet restricted)
rElec   .            h - +0 cloak
rCorr   .            (gloves unavailable)
SInv    .            (boots unavailable)
Will    .....        D - amulet of regeneration
Stlth   +            g - +6 ring of strength
HPRegen 2.04/turn    P - +6 ring of protection
MPRegen 0.16/turn

%: no passive effects
@: glowing
A: large, unfitting armour, claws 3, regeneration 1, shaggy fur 1, tough skin 1,
robust 1, persistent drain
a: Renounce Religion, Divine Shield, Cleansing Flame, Summon Divine Warrior,
Brand Weapon With Holy Wrath


You were on level 14 of the Dungeon.
You worshipped the Shining One.
The Shining One was exalted by your worship.
You visited 1 branch of the dungeon, and saw 14 of its levels.
You also visited: Sewer and Ossuary.

You collected 1239 gold pieces.
You spent 858 gold pieces at shops.


Innate Abilities, Weirdness & Mutations

You are too large for most types of armour.
You have claws for hands.
Your natural rate of healing is unusually fast.
You are covered in fur. (AC +1)
You have tough skin. (AC +1)
You are robust. (+10% HP)
Your health recovers twice as slowly from being drained.


   Skills:
 - Level 10.0 Fighting
 - Level 8.0 Armour
 - Level 2.4 Dodging
 - Level 14.0 Unarmed Combat
 - Level 8.6 Invocations
 + Level 9.4 Shapeshifting


You had 12 spell levels left.
You didn't know any spells.
Your spell library contained the following spells:

 Spells                   Type           Power      Damage    Failure   Level
 Magic Dart               Conj           0%         1d3       45%         1
 Slow                     Hex            0%         N/A       45%         1
 Ensorcelled Hibernation  Hex/Ice        0%         N/A       58%         2
 Jinxbite                 Hex            0%         N/A       58%         2
 Searing Ray              Conj           0%         2d4       58%         2
 Confusing Touch          Hex            0%         N/A       83%         3
 Dazzling Flash           Conj/Hex       0%         N/A       83%         3
 Fugue of the Fallen      Necr           0%         N/A       83%         3
 Mephitic Cloud           Conj/Alch/Air  0%         N/A       83%         3
 Ozocubu's Armour         Ice            0%         N/A       83%         3
 Sigil of Binding         Hex            0%         N/A       83%         3
 Summon Ice Beast         Ice/Summ       0%         N/A       83%         3
 Vampiric Draining        Necr           0%         2d6       83%         3
 Volatile Blastmotes      Fire/Tloc      0%         2d10      83%         3
 Anguish                  Hex/Necr       0%         N/A       99%         4
 Animate Dead             Necr           0%         N/A       99%         4
 Cause Fear               Hex            0%         N/A       99%         4
 Fulminant Prism          Conj/Alch      0%         3d5       99%         4
 Iskenderun's Mystic Bla  Conj/Tloc      0%         2d3       99%         4
 Leda's Liquefaction      Alch/Erth      0%         N/A       99%         4
 Manifold Assault         Tloc           0%         N/A       99%         4
 Curse of Agony           Necr           0%         N/A       100%        5
 Fireball                 Conj/Fire      0%         3d3       100%        5
 Lee's Rapid Deconstruct  Erth           0%         3d4*      100%        5
 Silence                  Hex/Air        0%         N/A       100%        5
 Summon Mana Viper        Hex/Summ       0%         N/A       100%        5
 Yara's Violent Unravell  Hex/Alch       0%         3d3       100%        5
 Bombard                  Conj/Erth      0%         9d1       100%        6
 Enfeeble                 Hex            0%         N/A       100%        7
 Haunt                    Necr/Summ      0%         N/A       100%        7
 Monstrous Menagerie      Summ           0%         N/A       100%        7
 Infestation              Necr           0%         N/A       100%        8
 Dragon's Call            Summ           0%         N/A       100%        9

Inventory:

Hand Weapons
 b - the +6 lajatang of Indomitability {flame, +Blink rCorr Int+2 Stlth-}

   Int+2:     It affects your intelligence (+2).
   +Blink:    It lets you blink.
   rCorr:     It protects you from acid and corrosion.
   Stlth-:    It makes you less stealthy.
Missiles
 p - 6 curare-tipped darts {=f}
 E - a throwing net {=f}
 H - 24 large rocks (quivered) {=f}
Armour
 a - a +0 robe (worn)
 h - a +0 cloak (worn)
Jewellery
 d - a +6 ring of dexterity
 g - a +6 ring of strength (left claw)
 A - a ring of fire
 D - an amulet of regeneration (around neck)
 P - a +6 ring of protection (right claw)
Talismans
 I - a granite talisman
Wands
 v - a wand of flame (10)
 w - a wand of mindburst (15)
 z - a wand of polymorph (9)
 C - a wand of digging (3)
 J - a wand of charming (5)
 O - a wand of roots (3)
Scrolls
 f - 9 scrolls of teleportation {@r4}
 l - 2 scrolls of enchant armour
 m - 6 scrolls of enchant weapon
 q - 2 scrolls of vulnerability {!r}
 r - 3 scrolls of blinking
 u - 5 scrolls of fear
 y - 2 scrolls of revelation
 B - 2 scrolls of poison {!r}
 L - a scroll of fog
 M - a scroll of identify {@r1}
Potions
 c - a potion of ambrosia
 e - a potion of cancellation {unknown}
 i - 3 potions of curing {unknown}
 j - a potion of attraction {unknown}
 k - 7 potions of might
 n - 6 potions of haste {@q3}
 s - 3 potions of mutation {!q}
 t - 3 potions of invisibility {unknown}
 x - a potion of enlightenment {unknown}
 F - 2 potions of berserk rage {unknown}
 G - 2 potions of magic {unknown}
 K - a potion of resistance {unknown}
 N - 3 potions of brilliance {unknown}

Dungeon Overview and Level Annotations

Branches:
Dungeon (14/15)            Temple (0/1) D:7            Lair (0/5) D:8
    Orc (0/2) D:10         Vaults (0/5) D:13          Sewer (visited)
Ossuary (visited)

Altars:
Dithmenos
Nemelex Xobeh
Trog
Uskayaw
Vehumet
Yredelemnul
Zin
The Shining One

Shops:
D:1 (   D:4 (=[   D:5 :   D:7 *   D:10 =   D:12 ?

Annotations:
D:7 2 transporters, exclusion: downstairs, Konrad's ghost, novice MiHu
D:8 exclusion: downstairs
D:11 2 transporters, sanka's ghost, journeyman TeAE

▒▒.....▒▒
▒...!...▒.☼.....▒
▒.....[.▒.:§..B.▒
▒.(.z......R°...▒
▒.....).▒ °.☼).
.(.....▒ ☼°..
▒cO...▒ ☼.▒ ▒c▒
▒☼▒
▒T▒▒▒▒▒▒▒▒▒▒▒[▒
▒.......†.....▒
▒▒.▒▒▒▒▒▒▒▒▒?▒▒
▒.▒ ▒.▒ ▒.▒ ▒.▒
▒.▒ ▒÷▒ ..▒
▒)▒▒▒▒▒ ▒▒▒
▒.)...÷ ▒▒▒▒▒▒▒


You could see a yaktaur captain, a skeletal warrior, a centaur warrior and a
two-headed ogre.


Message History

* * * LOW HITPOINT WARNING * * *
The yaktaur captain hits you with a +3 lajatang of electrocution!!
* * * LOW HITPOINT WARNING * * *
The yaktaur captain unwields a +3 lajatang of electrocution.
It stops crackling.
The yaktaur captain wields a +0 arbalest.
The yaktaur captain shoots a bolt.
The bolt closely misses you.
The centaur warrior shoots an arrow.
The arrow hits you but does no damage.
The centaur warrior shoots an arrow.
The arrow hits you!
* * * LOW HITPOINT WARNING * * *
A skeletal warrior comes into view. It is wielding a +0 broad axe.
Unknown command.
The yaktaur captain unwields a +0 arbalest.
The yaktaur captain wields a +3 lajatang of electrocution.
You hear the crackle of electricity.
The yaktaur captain hits you with a +3 lajatang of electrocution.
* * * LOW HITPOINT WARNING * * *
You are electrocuted!
* * * LOW HITPOINT WARNING * * *
You mangle the yaktaur captain!! You claw the yaktaur captain!!
The yaktaur captain is almost dead.
The yaktaur captain hits you with a +3 lajatang of electrocution!!
* * * LOW HITPOINT WARNING * * *
Unknown command.
The yaktaur captain hits you with a +3 lajatang of electrocution!!
You die...

Action                     |  1- 3 |  4- 6 |  7- 9 | 10-12 | 13-15 || total
---------------------------+-------+-------+-------+-------+-------++-------
  Melee: Unarmed           |    71 |   137 |   403 |   510 |   130 ||  1251
         Punch             |       |       |       |    44 |    13 ||    57
  Throw: Dart              |       |       |       |     2 |     2 ||     4
         Large rock        |       |       |       |       |     3 ||     3
 Invoke: Summon Divine War |       |       |       |     1 |     1 ||     2
  Evoke: Wand              |       |       |       |       |     8 ||     8
    Use: Scroll            |       |       |     5 |    13 |       ||    18
         Potion            |       |       |       |     3 |     4 ||     7
   Stab: Sleeping          |       |       |     1 |       |       ||     1
 Armour: Robe              |    33 |    40 |   224 |   413 |   167 ||   877
  Dodge: Dodged            |    35 |    48 |   167 |   297 |    60 ||   607
         Form:             |       |       |       |       |     1 ||     1
         Statue            |       |       |       |       |     1 ||     1

Levels and vault maps discovered:
D:1:      ldierk_walled_garden, layout_basic, serial_shops, shop
D:2:      layout_rooms, shapermc_ecumenical_altar_gd, serial_park_tiny_1,
          ebering_dispersal_statue_hall, minmay_pentomino_u2
D:3:      minmay_evil_eye, layout_basic
D:4:      layout_rooms, grunt_temple_overflow_holy_war, serial_shops, shop,
          nicolae_shop_unique_rings, nicolae_shop_dragon_depot,
          uniq_blork_the_orc
D:5:      layout_rooms, zin_academy, nicolae_shop_self_help, uniq_duvessa,
          uniq_ijyb
D:6:      layout_basic, portal_sewer_entry_d, enter_ossuary_4,
          serial_library_hellmonk_room_b
D:7:      layout_cave_pods, mainiacjoe_overflow_chevrons,
          mainiacjoe_overflow_24_doors, minmay_temple_entry_offerings,
          serial_shops, nicolae_shop_pleasant_corner_grove,
          gammafunk_ghost_arena
D:8:      layout_basic, erik_lair_orcish_takeover, minmay_joined_circles
D:9:      layout_gridville, uniq_amaemon, uniq_prince_ribbit1
D:10:     minmay_recursive_quarters, layout_basic,
          nicolae_uskayaw_murder_on_the_dancefloor, old_standard_altar,
          minmay_orc_entry_temple_small, serial_shops,
          nicolae_shop_gaudy_bauble, minivault_1
D:11:     layout_rooms, gammafunk_ghost_wrathful_warriors,
          hangedman_parallel_progression
D:12:     layout_basic, serial_shops, nicolae_shop_tiny_real_fake_doors
D:13:     layout_cave_pods, david_vaults_2
D:14:     minmay_heptahexagon, layout_basic, minmay_door_square, uniq_azrael,
          uniq_agnes

Notes
Turn   | Place    | Note
-------+----------+-------------------------------------------
     0 | D:1      | sanka the Troll Monk began the quest for the Orb.
     0 | D:1      | Reached XP level 1. HP: 22/22 MP: 0/0
    72 | D:1      | Reached XP level 2. HP: 19/29 MP: 1/1
   374 | D:1      | Found Viguddia's Antique Weapon Shop.
   394 | D:1      | Reached skill level 3 in Fighting
   399 | D:1      | Reached XP level 3. HP: 25/37 MP: 2/2
   576 | D:1      | Reached skill level 4 in Unarmed Combat
   815 | D:2      | Reached XP level 4. HP: 44/45 MP: 3/3
   955 | D:2      | Found a faded altar of an unknown god.
  1467 | D:3      | Reached skill level 5 in Unarmed Combat
  1618 | D:3      | Reached XP level 5. HP: 53/53 MP: 4/4
  2290 | D:4      | Reached skill level 6 in Unarmed Combat
  2297 | D:4      | Reached XP level 6. HP: 43/61 MP: 5/5
  2303 | D:4      | Reached skill level 7 in Unarmed Combat
  2384 | D:4      | Found a glowing golden altar of the Shining One.
  2394 | D:4      | Found a basalt altar of Yredelemnul.
  2397 | D:4      | Noticed a profane servitor
  2477 | D:4      | Reached XP level 7. HP: 45/67 MP: 6/6
  2600 | D:4      | Found Pept's Weapon Shoppe.
  2623 | D:4      | Reached skill level 8 in Unarmed Combat
  2658 | D:4      | Noticed Blork the orc
  2666 | D:4      | Killed Blork the orc
  2678 | D:4      | Found Dusch's One-of-a-Kind Rings.
  2761 | D:4      | Found Hadad-Baal's Dragon-Slaying Spoils.
  2890 | D:4      | Noticed an angel
  2895 | D:4      | Became a worshipper of the Shining One
  2895 | D:4      | Reached * piety under the Shining One
  2895 | D:4      | Reached ** piety under the Shining One
  2913 | D:5      | Entered Level 5 of the Dungeon
  2975 | D:5      | Reached skill level 9 in Unarmed Combat
  2987 | D:5      | Found a glowing silver altar of Zin.
  2996 | D:5      | Found Niunom's Self-Improvement Boutique.
  3083 | D:5      | Reached XP level 8. HP: 75/75 MP: 7/7
  3214 | D:5      | Noticed Ijyb
  3224 | D:5      | Reached skill level 10 in Unarmed Combat
  3230 | D:5      | Killed Ijyb
  3402 | D:5      | Noticed Dowan
  3402 | D:5      | Noticed Duvessa
  3534 | D:5      | Killed Duvessa
  3535 | D:5      | Reached skill level 4 in Fighting
  3545 | D:5      | Killed Dowan
  3598 | D:6      | Found a glowing drain.
  3621 | D:6      | Reached skill level 5 in Fighting
  3646 | D:6      | Found a sand-covered staircase.
  3653 | Ossuary  | Entered an ossuary
  3663 | Ossuary  | Reached *** piety under the Shining One
  3745 | Ossuary  | Reached **** piety under the Shining One
  3765 | Ossuary  | Reached skill level 6 in Fighting
  3796 | Ossuary  | Reached XP level 9. HP: 89/89 MP: 8/8
  3832 | Ossuary  | Reached ***** piety under the Shining One
  4060 | Sewer    | Entered a sewer
  4107 | Sewer    | Reached skill level 7 in Fighting
  4834 | D:6      | Reached skill level 8 in Fighting
  4837 | D:6      | Reached skill level 1 in Invocations
  4868 | D:6      | Reached skill level 2 in Invocations
  4942 | D:6      | Reached skill level 3 in Invocations
  5100 | D:7      | Reached skill level 4 in Invocations
  5142 | D:7      | Found Uciulomo's General Store.
  5204 | D:7      | Noticed Konrad's ghost (novice MiHu)
  5204 | D:7      | Noticed a gargoyle
  5227 | D:7      | Found a transporter.
  5299 | D:7      | Found a transporter.
  5342 | D:7      | Found a shadowy altar of Dithmenos.
  5389 | D:7      | Reached skill level 5 in Invocations
  5434 | D:7      | Reached XP level 10. HP: 54/104 MP: 13/13
  5446 | D:7      | Reached ****** piety under the Shining One
  5536 | D:7      | Found a staircase to the Ecumenical Temple.
  5780 | D:7      | Found a radiant altar of Vehumet.
  6047 | D:7      | HP: 7/104 [killer bee (8)]
  6047 | D:7      | HP: 3/104 [killer bee (4)]
  6151 | D:7      | Reached skill level 6 in Invocations
  6354 | D:8      | Noticed a two-headed ogre
  6389 | D:7      | Killed a two-headed ogre
  6448 | D:8      | Found the +18 Lear's hauberk
  6478 | D:8      | Found a staircase to the Lair.
  6946 | D:8      | Identified the +6 lajatang of Indomitability {flame, +Blink
                  | rCorr Int+2 Stlth-}
  6977 | D:8      | Reached skill level 11 in Unarmed Combat
  6984 | D:8      | Reached skill level 9 in Fighting
  7246 | D:9      | Noticed Prince Ribbit
  7261 | D:9      | Killed Prince Ribbit
  7317 | D:9      | Noticed Amaemon
  7324 | D:9      | Killed Amaemon
  7326 | D:9      | Noticed an orange demon
  7330 | D:9      | Reached XP level 11. HP: 83/115 MP: 6/14
  7763 | D:10     | Entered Level 10 of the Dungeon
  7783 | D:10     | Found Saehu's Jewellery Boutique.
  7822 | D:10     | Found a hide-covered altar of Uskayaw.
  7910 | D:10     | Found a staircase to the Orcish Mines.
  8160 | D:10     | Noticed a two-headed ogre
  8171 | D:10     | Killed a two-headed ogre
  8171 | D:10     | Noticed a two-headed ogre
  8172 | D:10     | Reached skill level 7 in Invocations
  8182 | D:10     | Killed a two-headed ogre
  8183 | D:10     | Reached skill level 10 in Fighting
  8183 | D:10     | Reached skill level 12 in Unarmed Combat
  8264 | D:10     | Noticed a two-headed ogre
  8290 | D:10     | Reached skill level 1 in Armour
  8325 | D:10     | Killed a two-headed ogre
  8326 | D:10     | Reached skill level 2 in Armour
  8521 | D:10     | Found a sparkling altar of Nemelex Xobeh.
  8773 | D:11     | Gained mutation: You are clumsy. (Dex -2) [a neqoxec]
  8774 | D:11     | Gained mutation: You occasionally lose the ability to read
                  | scrolls when taking damage. [a neqoxec]
  8786 | D:10     | Lost mutation: You are clumsy. (Dex -2) [potion of
                  | mutation]
  8786 | D:10     | Lost mutation: You occasionally lose the ability to read
                  | scrolls when taking damage. [potion of mutation]
  8786 | D:10     | Gained mutation: Your health recovers twice as slowly from
                  | being drained. [potion of mutation]
  8786 | D:10     | Gained mutation: You are robust. (+10% HP) [potion of
                  | mutation]
  8852 | D:11     | Noticed a tengu warrior
  8861 | D:11     | Found a transporter.
  8867 | D:11     | Noticed a two-headed ogre
  8869 | D:11     | Noticed sanka's ghost (journeyman TeAE)
  8873 | D:11     | Found a transporter.
  8877 | D:11     | Found a bloodstained altar of Trog.
  8896 | D:11     | Reached skill level 3 in Armour
  9049 | D:11     | Reached skill level 13 in Unarmed Combat
  9133 | D:11     | Reached skill level 4 in Armour
  9146 | D:11     | Noticed a lindwurm
  9154 | D:11     | Killed a lindwurm
  9194 | D:11     | Noticed a lindwurm
  9226 | D:11     | Killed a lindwurm
  9227 | D:11     | Reached skill level 5 in Armour
  9227 | D:11     | Reached XP level 12. HP: 52/138 MP: 16/16
  9275 | D:11     | Noticed a two-headed ogre
  9285 | D:11     | Killed a two-headed ogre
  9341 | D:11     | Noticed an alligator
  9348 | D:11     | Killed an alligator
  9349 | D:11     | Reached skill level 6 in Armour
  9369 | D:11     | Noticed an alligator
  9373 | D:11     | Killed an alligator
  9465 | D:11     | Reached skill level 7 in Armour
 10017 | D:12     | Noticed a boulder beetle
 10030 | D:12     | Killed a boulder beetle
 10031 | D:12     | Reached skill level 8 in Armour
 10144 | D:12     | Found Patsiaxt's Magic Scroll Shoppe.
 10536 | D:12     | Noticed a two-headed ogre
 10547 | D:12     | Killed a two-headed ogre
 10773 | D:13     | Noticed a centaur warrior
 10787 | D:13     | Killed a centaur warrior
 10788 | D:13     | Reached skill level 8 in Invocations
 10854 | D:13     | Noticed a yaktaur captain
 10877 | D:13     | HP: 6/138 [yaktaur captain (12)]
 10878 | D:13     | Killed a yaktaur captain
 10974 | D:13     | Noticed a two-headed ogre
 10993 | D:13     | Killed a two-headed ogre
 10994 | D:13     | Reached skill level 14 in Unarmed Combat
 11167 | D:13     | Found a gate to the Vaults.
 11406 | D:13     | Reached skill level 1 in Shapeshifting
 11406 | D:13     | Reached XP level 13. HP: 146/146 MP: 18/18
 11480 | D:13     | Reached skill level 2 in Shapeshifting
 11769 | D:14     | Noticed Agnes
 11777 | D:14     | Killed Agnes
 11778 | D:14     | Reached skill level 3 in Shapeshifting
 11781 | D:14     | Reached skill level 4 in Shapeshifting
 11915 | D:14     | Reached skill level 5 in Shapeshifting
 12109 | D:14     | Noticed Azrael
 12163 | D:14     | The Shining One protects you from harm!
 12428 | D:14     | Paralysed by a hornet for 3 turns
 12442 | D:14     | Reached skill level 6 in Shapeshifting
 12452 | D:14     | HP: 11/146 [constriction (8)]
 12453 | D:14     | HP: 2/146 [constriction (5)]
 12775 | D:4      | Bought a +6 ring of protection for 858 gold pieces
 12994 | D:14     | Reached skill level 7 in Shapeshifting
 13092 | D:14     | Reached skill level 8 in Shapeshifting
 13373 | D:14     | Killed Azrael
 13399 | D:14     | Reached skill level 9 in Shapeshifting
 13447 | D:14     | HP: 2/146 [yaktaur captain/+3 lajatang of electrocution
                  | (26)]
 13448 | D:14     | Slain by a yaktaur captain

Vanquished Creatures
  Azrael (D:14)
  A yaktaur captain (D:13)
  An entropy weaver (shapeshifter) (D:13)
  2 alligators (D:11)
  2 hydras (D:14)
  3 centaur warriors
  2 boulder beetles
  7 two-headed ogres
  2 lindwurms (D:11)
  4 deep elf pyromancers
  2 manticores
  7 ugly things
  7 cyclopes
  2 meliai (D:14)
  A cane toad (shapeshifter) (D:13)
  4 gargoyles
  3 unseen horrors
  A kobold demonologist (D:11)
  A tengu conjurer (D:14)
  3 yaktaurs
  A freezing wraith (D:13)
  A hornet (D:14)
  3 trolls
  3 tyrant leeches (D:11)
  Prince Ribbit (D:9)
  A raiju (shapeshifter) (D:13)
  4 slime creatures (D:11)
  4 wraiths
  6 yaks
  4 fire elementals (D:14)
  2 fire bats (D:11)
  2 basilisks (D:11)
  A wyvern (D:10)
  2 steam dragons
  4 vampire mosquitoes
  A water moccasin (D:8)
  Duvessa (D:5)
  3 acid dragons
  5 orc warriors
  4 ice beasts
  A black bear (D:6)
  2 sky beasts (D:6)
  A crocodile (Sewer)
  2 wolves (D:8)
  2 ogres
  A boggart (D:14)
  7 centaurs
  2 phantoms (D:5)
  A brain worm (Sewer)
  2 elf zombies (Ossuary)
  4 kobold brigands
  Blork the orc (D:4)
  8 bullfrogs
  2 gnoll sergeants
  Dowan (D:5)
  11 wights
  7 killer bees
  2 vampire bats (D:11)
  A spectral bullfrog (Ossuary)
  A howler monkey (D:9)
  A centaur zombie (Ossuary)
  6 jellies
  6 hounds
  14 orc priests
  4 human zombies (Ossuary)
  3 gnoll boudas
  2 iguanas (D:11)
  Ijyb (D:5)
  A sleepcap (D:8)
  21 orc wizards
  2 crocodile zombies (Ossuary)
  5 spectral hounds (Ossuary)
  A scorpion simulacrum (Ossuary)
  2 mummies (Ossuary)
  21 gnolls
  15 adders
  5 river rats (Sewer)
  2 hound simulacra (Ossuary)
  2 shadow imps
  2 white imps
  2 spectral adders (Ossuary)
  2 spectral gnolls (Ossuary)
  A ribbon worm (D:11)
  7 dart slugs
  2 adder simulacra (Ossuary)
  56 orcs
  7 ball pythons
  18 endoplasms
  3 giant cockroaches
  6 gnoll zombies (Ossuary)
  7 goblins
  5 hobgoblins
  7 jackals
  7 quokkas
  11 bats
  13 frilled lizards
  4 gnoll simulacra (Ossuary)
  18 kobolds
  5 kobold zombies (Ossuary)
  5 orc zombies (Ossuary)
  A quokka zombie (D:6)
  8 rats
  A rat zombie (D:6)
  A spectral jackal (Ossuary)
481 creatures vanquished.

Vanquished Creatures (collateral kills)
  Agnes (D:14)
  A boulder beetle (D:14)
  A tengu warrior (D:14)
  Amaemon (D:9)
  2 meliai (D:14)
  An orange demon (D:9)
  A gnoll sergeant (D:9)
  3 killer bees (D:9)
  A howler monkey (D:9)
  An orc wizard (D:9)
  4 gnolls (D:9)
  2 orcs (D:9)
19 creatures vanquished.

Vanquished Creatures (others)
  A hydra (D:14)
  A polar bear (shapeshifter) (D:14)
  4 slime creatures (D:14)
  A dart slug (D:11)
7 creatures vanquished.

Grand Total: 507 creatures vanquished
